 Dungeon Crawl Stone Soup version 0.21-a0 (webtiles) character file.

354799 Chaoticas the Conqueror (level 21, -21/179 HPs)
             Began as a Minotaur Fighter on May 15, 2017.
             Was the Champion of Okawaru.
             Killed from afar by a starcursed mass (26 damage)
             ... with an accursed screaming
             ... on level 3 of the Abyss on May 18, 2017.
             The game lasted 02:59:16 (45159 turns).

Chaoticas the Conqueror (Minotaur Fighter)         Turns: 45159, Time: 02:59:17

Health: -21/179    AC: 42    Str: 27    XL:     21   Next: 36%
Magic:  0/25       EV: 20    Int: -9 (4) God:    Okawaru [******]
Gold:   4514       SH: 17    Dex: 15    Spells: 20/20 levels left

rFire    + . .     SeeInvis .   J - +5 demon blade (freeze) {god gift}
rCold    + + +     Gourm    +   c - +2 shield
rNeg     + + .     Faith    .   L - +7 crystal plate armour of the Guardian {god gift, rC+}
rPois    +         Spirit   .   W - +2 hat {MR+}
rElec    +         Reflect  .   R - scarf {repulsion} {god gift}
rCorr    +         Harm     .   U - +1 pair of gloves of a sewer {god gift, rElec rPois rC++ Int-5}
MR       ++...     Rnd*Rage +   Z - +2 pair of boots {run} {god gift}
Stlth    ..........             x - amulet "Wananuag" {Gourm Fragile rPois rN++ Int+2}
Regen    0.4/turn               v - ring of protection from fire
MPRegen  0.2/turn               e - ring of resist corrosion

@: agile, afraid, hasted and slowed, lost intelligence, repel missiles, quick
A: retaliatory headbutt, horns 2, thin skeletal structure 1, [berserk 2], blurry
vision 1[+2], clever 2, [clumsy 2], [dopey 2], [frail 2], screaming 2, [no
potion heal 3], [subdued magic 2], [MP-powered wands]
}: 2/15 runes: decaying, gossamer
a: Heroism, Finesse, Renounce Religion


You were on level 3 of the Abyss.
You worshipped Okawaru.
Okawaru was exalted by your worship.
You were not hungry.

You visited 6 branches of the dungeon, and saw 34 of its levels.
You visited the Abyss 2 times.
You also visited: Ice Cave and Desolation.

You collected 4514 gold pieces.

Inventory:

Hand Weapons
 D - a +3 demon blade of flaming
   (You took it off Mara on level 2 of the Vaults)
 J - a +5 demon blade of freezing (weapon) {god gift}
   (Okawaru gifted it to you on level 6 of the Lair of Beasts)
 N - the +9 shortbow of Seabokh {god gift, freeze, rPois Dex+2}
   (Okawaru gifted it to you on level 2 of the Abyss)

   It causes projectiles fired from it to freeze those they strike, causing
   extra injury to most foes and up to half again as much damage against
   particularly susceptible opponents.
   They can also slow down cold-blooded creatures.
   It affects your dexterity (+2).
   It protects you from poison.
Missiles
 A - 4 silver javelins (quivered) {god gift}
Armour
 c - a +2 shield (worn)
 C - the cursed -2 buckler of the Worm {MR- Int+2 Dex+4, unknown}
   (You took it off an orc on level 3 of the Vaults)

   It affects your intelligence (+2).
   It affects your dexterity (+4).
   It affects your resistance to hostile enchantments.
   It has a curse placed upon it.
 L - the +7 crystal plate armour of the Guardian (worn) {god gift, rC+}
   (Okawaru gifted it to you on level 8 of the Dungeon)

   It protects you from cold.
 M - the scarf "Ywuih" {god gift, Int+5 Dex-4}
   (Okawaru gifted it to you on level 4 of the Spider Nest)

   It affects your intelligence (+5).
   It affects your dexterity (-4).
 R - a scarf of repulsion (worn) {god gift}
   (Okawaru gifted it to you on level 1 of the Vaults)
 U - the +1 pair of gloves of a sewer (worn) {god gift, rElec rPois rC++ Int-5}
   (Okawaru gifted it to you on level 11 of the Dungeon)

   It affects your intelligence (-5).
   It greatly protects you from cold.
   It insulates you from electricity.
   It protects you from poison.
 W - a +2 hat of magic resistance (worn)
   (You took it off Gastronok on level 9 of the Dungeon)
 Z - a +2 pair of boots of running (worn) {god gift}
   (Okawaru gifted it to you on level 4 of the Swamp)
Jewellery
 b - a cursed ring of protection from fire
   (You found it on level 2 of the Abyss)
 e - a ring of resist corrosion (right hand)
   (You found it on level 1 of the Dungeon)
 l - an uncursed ring of positive energy
   (You found it on level 1 of the Dungeon)
 v - a ring of protection from fire (left hand)
   (You took it off a wizard on level 10 of the Dungeon)
 w - an uncursed ring of protection from fire
   (You found it on level 4 of the Dungeon)
 x - the amulet "Wananuag" (around neck) {Gourm Fragile rPois rN++ Int+2}
   (You found it on level 5 of the Dungeon)

   [amulet of the gourmand]

   It allows you to eat raw meat even when not hungry.
   It affects your intelligence (+2).
   It protects you from poison.
   It greatly protects you from negative energy.
   It will be destroyed if unequipped.
 G - an uncursed ring of protection from magic
   (You found it on level 2 of the Abyss)
 T - an uncursed ring of positive energy
   (You found it on level 3 of the Swamp)
Wands
 I - a wand of iceblast (8/15)
   (You found it on level 7 of the Dungeon)
 S - a wand of digging (16/24)
   (You found it on level 9 of the Dungeon)
 V - a wand of acid (8/15)
   (You found it on level 9 of the Dungeon)
 Y - a wand of digging (15/24)
   (You found it on level 2 of the Vaults)
Scrolls
 h - 15 scrolls of remove curse
 i - 2 scrolls of teleportation
 n - 2 scrolls of silence
 y - 8 scrolls of fog
 K - 4 scrolls of immolation
 P - 3 scrolls of blinking
 Q - 4 scrolls of fear
Potions
 a - 2 potions of resistance
 j - 2 potions of agility
 k - a potion of ambrosia
 m - 2 potions of cancellation
 o - 3 potions of mutation
 p - 3 potions of haste
 r - 3 potions of berserk rage
 s - 8 potions of lignification
 t - 12 potions of curing
 z - 2 potions of brilliance
 H - 4 potions of flight
Miscellaneous
 u - a phantom mirror
 E - a phial of floods
   (You found it on level 12 of the Dungeon)
 F - a fan of gales
   (You found it on level 6 of the Lair of Beasts)
Comestibles
 f - 13 bread rations
 g - 22 royal jellies
 q - 19 meat rations
 O - 32 fruits


   Skills:
 O Level 27 Fighting
 - Level 14.4 Long Blades
 + Level 20.2 Armour
 + Level 16.3 Dodging
 - Level 15.6 Shields
 - Level 7.3 Invocations


You had 20 spell levels left.
You didn't know any spells.

Dungeon Overview and Level Annotations

Branches:
Dungeon (15/15)            Temple (0/1) D:5            Lair (6/6) D:11
  Swamp (4/4) Lair:3       Spider (4/4) Lair:2        Slime (0/5) Lair:5
    Orc (2/2) D:12            Elf (0/3) Orc:2        Vaults (3/5) D:13
  Crypt (0/3) Vaults:2     Depths (0/5) D:15

Altars:
Dithmenos
Fedhas
Hepliaklqana
Kikubaaqudgha
Makhleb
Okawaru
Qazlal
Sif Muna
Uskayaw
Wu Jian
Xom
Yredelemnul
Beogh
Jiyva

Shops:
Orc:2 }:}[   Vaults:3 !

Portals:
Trove: D:15 (give +2 shadow dragon scales)


Innate Abilities, Weirdness & Mutations

You reflexively headbutt those who attack you in melee.
You have a pair of horns on your head.
You have a somewhat thin skeletal structure. (Dex +2, Stealth)
Your mind is very acute. (Int +4)
You sometimes yell uncontrollably at your foes.
[You often lose your temper in combat.]
[Scrolls take you much longer to read.]
[You are very clumsy. (Dex -4)]
[You are very dopey. (Int -4)]
[You are very frail. (-20% HP)]
[Potions cannot restore your health.]
[Your spells are easier to cast, but less powerful.]
[You expend magic power (3 MP) to strengthen your wands.]


Message History

A starcursed mass splits.
The raiju bites you but does no damage.
The starcursed mass engulfs you but does no damage.
Your extra speed is starting to run out.
The small abomination dissolves into shadows!
The starcursed mass engulfs you but does no damage.
The orange crystal statue fixes its piercing gaze on you.
You feel dopey. Something feeds on your intellect!
The deep elf mage casts a spell.
The deep elf mage blinks!
The wretched star pulses with an eldritch light!
Your system completely rejects the healing effects of potions.
The cyan very ugly thing barely misses you.
The raiju bites you but does no damage.
The starcursed mass engulfs you but does no damage.
The starcursed mass engulfs you.
* * * LOW HITPOINT WARNING * * *
You can move again.
You see here a very ugly thing corpse.
Unknown command.
Unknown command.
Unknown command.
Unknown command.
Unknown command.
Unknown command.
Unknown command.
Unknown command.
Unknown command.
Unknown command.
Unknown command.
Unknown command.
Unknown command.
Unknown command.
Unknown command.
Unknown command.
You slash the starcursed mass! You freeze the starcursed mass.
You headbutt the starcursed mass.
You destroy the starcursed mass!
Okawaru accepts your kill.
You are no longer berserk.
You are exhausted.
You feel yourself slow down. You block the starcursed mass's attack.
You block the cyan very ugly thing's attack.
A starcursed mass splits.
You block the starcursed mass's attack. The raiju closely misses you.
You riposte.
You slash the raiju! You freeze the raiju.
You kill the raiju!
The raiju's corpse dissolves into shadows!
A cacophony of accursed wailing tears at your sanity!
You die...

.##.#
#######..#
###.X8≈.##.. ..
##XX5≈≈≈..##. .
#XXXXX.t...##
.###x#eeXX.....
#.#G#3XXX3e....
##X#.uX......
#.5hX@XX5..#.
##5h*≈X≈..###
###†≈8≈†##.#
##########
....##.. ..#...
## .###.# .# ##


You could see 16 starcursed masses, a cyan very ugly thing, 2 orange crystal
statues, a wretched star, a glowing orange brain, an apocalypse crab, 2 deep elf
archers, a thrashing horror, 2 large abominations, a deep elf mage, a
worldbinder, 2 raiju, 2 neqoxecs and 4 shadow imps.

Vanquished Creatures
  Mara (Vaults:2)
  3 bone dragons
  Arachne (Spider:4)
  Rupert (Lair:3)
  The ghost of SevenDeadlySins the Executioner, an adept MiBe of Trog (Vaults:2)
  A tentacled monstrosity (Swamp:4)
  2 sphinxes
  7 tentacled starspawn
  Gastronok (D:9)
  A shadow dragon (Vaults:1)
  A thorn hunter (Swamp:1)
  2 ghost moths
  7 vault wardens
  A draconian knight (Abyss:2)
  3 frost giants
  A fire giant (Vaults:3)
  A draconian shifter (Abyss:2)
  A cacodemon (Abyss:2)
  A draconian annihilator (Abyss:2)
  8 very ugly things
  12 ironheart preservers
  A reaper (Abyss:2)
  3 stone giants
  10 entropy weavers
  Nessos (D:13)
  2 vampire knights
  A red draconian (Abyss:2)
  2 spark wasps
  A yellow draconian (Abyss:2)
  2 green draconians
  2 deep elf demonologists
  A dire elephant (D:15)
  2 purple draconians (Vaults:1)
  A blizzard demon (Abyss:2)
  3 green deaths
  2 eidola (Abyss:2)
  3 fire dragons
  2 deep elf death magi (Vaults:2)
  11 ogre magi
  5 yaktaur captains
  2 ettins
  4 rakshasas
  13 vault guards
  2 great orbs of eyes
  2 ice dragons (Vaults:1)
  2 peacekeepers (Vaults:2)
  A ghost crab (Swamp:1)
  A catoblepas (Lair:4)
  16 hydras
  7 centaur warriors
  30 two-headed ogres
  5 death yaks
  3 death knights
  6 alligators
  A vampire mage (Abyss:3)
  A two-headed ogre (shapeshifter) (D:7)
  A deep troll shaman (Vaults:1)
  12 thrashing horrors
  Urug (D:13)
  A queen ant (Spider:4)
  7 hell knights (Abyss:2)
  3 deep elf knights (Vaults:2)
  2 orc high priests
  5 shadow wraiths
  5 spatial maelstroms
  9 wretched stars
  4 sixfirhies (Abyss:2)
  2 skeletal warriors (Vaults:3)
  11 deep trolls
  3 deep elf archers
  3 glowing orange brains
  6 wizards
  6 unseen horrors
  2 flayed ghosts (Vaults:1)
  A tengu zombie (Vaults:1)
  25 starcursed masses
  A harpy (shapeshifter) (D:13)
  4 necromancers
  11 ironbrand convokers
  3 swamp dragons (Swamp:4)
  4 phantasmal warriors
  16 orb spiders
  3 harpies (Vaults:2)
  3 oklob plants
  11 cyclopes
  9 orc knights
  17 wolf spiders
  9 deep elf magi
  9 orc sorcerers
  23 ugly things
  8 worldbinders
  A cyclops (shapeshifter) (Vaults:1)
  3 salamanders
  4 moths of wrath
  6 manticores
  A dire elephant zombie (Abyss:3)
  A stone giant skeleton (Abyss:2)
  3 apocalypse crabs
  4 elephants (Lair:5)
  3 black mambas
  2 human skeletons (Vaults:1)
  3 guardian serpents
  2 gargoyles
  2 naga magi (Abyss:2)
  4 ice statues
  3 hellions (Abyss:2)
  15 vault sentinels
  A white draconian zombie (Abyss:2)
  A storm dragon simulacrum (Vaults:2)
  8 orange demons
  3 torpor snails
  8 smoke demons (Abyss:2)
  19 spiny frogs
  A kobold demonologist (D:13)
  25 yaktaurs
  An efreet (Abyss:2)
  A rime drake (Lair:4)
  9 freezing wraiths
  8 komodo dragons
  A hydra zombie (Abyss:2)
  An ice devil (Abyss:3)
  4 hellwings (Abyss:2)
  10 ancient zymes
  5 demonic crawlers
  A silent spectre (Abyss:2)
  8 trolls
  18 jumping spiders
  6 meliai
  A queen bee (D:15)
  5 tyrant leeches
  A wind drake (shapeshifter) (Vaults:3)
  12 hornets
  4 polar bears
  Prince Ribbit (D:6)
  7 bog bodies
  26 slime creatures
  14 raiju
  9 dream sheep
  18 blink frogs
  13 hippogriffs
  96 redbacks
  2 shadows
  2 flying skulls (Abyss:2)
  3 ettin skeletons
  A wyvern (Lair:5)
  3 vampires (Vaults:2)
  7 ynoxinuls (Abyss:2)
  14 spriggans
  3 basilisks
  A fire elemental (Abyss:2)
  46 yaks
  30 tarantellas
  10 wraiths
  A golden eye (Abyss:3)
  4 chaos spawn (Abyss:2)
  A human (shapeshifter) (Vaults:1)
  4 hungry ghosts
  2 steam dragons
  16 humans
  10 neqoxecs
  23 vampire mosquitoes
  8 insubstantial wisps
  20 large abominations
  14 swamp worms
  5 soldier ants
  8 wargs
  6 nagas (Abyss:2)
  Edmund (D:4)
  9 hell hounds (Abyss:2)
  5 water moccasins
  Duvessa (D:5)
  29 orc warriors
  7 porcupines
  5 sky beasts
  5 black bears
  A black bear (shapeshifter) (Vaults:3)
  9 swamp drakes
  A necrophage (D:12)
  2 phantoms
  2 eyes of draining
  The ghost of Chaoticas the Skirmisher, an amateur DsBe of Trog (D:3)
  10 ice beasts
  16 wolves (Lair:6)
  32 ogres
  17 centaurs
  16 boggarts
  5 crocodiles
  4 human zombies (Vaults:1)
  9 big kobolds
  12 bullfrogs
  A wyvern zombie (D:14)
  A water moccasin zombie (D:5)
  Dowan (D:5)
  3 scorpions
  A wyvern skeleton (D:14)
  29 killer bees
  6 electric eels
  10 wights
  29 small abominations
  3 vampire bats (D:9)
  7 howler monkeys
  A bullfrog zombie (D:12)
  6 crimson imps
  6 quasits
  A human simulacrum (Vaults:1)
  2 iron imps (Abyss:2)
  9 hounds
  3 centaur skeletons
  20 orc priests
  Crazy Yiuf (D:5)
  7 jellies
  3 bullfrog skeletons
  29 orc wizards
  4 iguanas
  18 worker ants
  3 hound skeletons
  2 hound zombies
  2 worker ant zombies
  Robin (D:4)
  A howler monkey skeleton (D:5)
  3 gnolls (D:3)
  12 adders
  6 shadow imps
  5 white imps
  An ufetubus (Abyss:2)
  An adder zombie (D:7)
  4 worms
  4 dart slugs
  6 leopard geckos
  84 orcs
  2 bat skeletons (D:9)
  3 bat zombies (D:9)
  8 giant cockroaches
  10 goblins
  9 hobgoblins
  8 jackals
  7 quokkas
  A ball python (D:3)
  7 bats
  5 frilled lizards
  31 kobolds
  A quokka zombie (D:9)
  4 rats
  A lurking horror (Abyss:2)
  A plant (D:11)
  2 starspawn tentacles
1730 creatures vanquished.

Vanquished Creatures (others)
  A smoke demon (Abyss:2)
  2 jumping spiders
  A redback (Spider:4)
  2 golden eyes (Abyss:3)
  A chaos spawn (Abyss:3)
  3 boggarts
  A small abomination (Abyss:2)
  2 orc wizards (Orc:2)
  A white imp (Abyss:2)
  A ball lightning (Abyss:2)
  A bush (Lair:6)
  8 fungi
  A lurking horror (Abyss:2)
  9 plants
  29 starspawn tentacles
  4 tentacles (Abyss:3)
67 creatures vanquished.

Grand Total: 1797 creatures vanquished

Notes
Turn   | Place    | Note
-------+----------+-------------------------------------------
     0 | D:1      | Chaoticas the Minotaur Fighter began the quest for the Orb.
     0 | D:1      | Reached XP level 1. HP: 19/19 MP: 0/0
    76 | D:1      | Found an iron altar of Okawaru.
    80 | D:1      | Reached skill level 3 in Long Blades
    85 | D:1      | Reached XP level 2. HP: 27/27 MP: 1/1
   110 | D:1      | Became a worshipper of Warmaster Okawaru
   603 | D:1      | Reached skill level 4 in Fighting
   711 | D:2      | Found a basalt altar of Yredelemnul.
   794 | D:2      | Reached XP level 3. HP: 33/33 MP: 2/2
   960 | D:2      | Reached skill level 4 in Long Blades
   975 | D:2      | Found a faded altar of an unknown god.
  1273 | D:3      | Noticed Chaoticas's ghost (amateur DsBe)
  1273 | D:3      | Chaoticas's ghost turns its malevolent gaze towards you.
  1280 | D:3      | Reached XP level 4. HP: 29/41 MP: 3/3
  1284 | D:3      | Killed Chaoticas's ghost
  1284 | D:3      | Reached skill level 5 in Fighting
  1284 | D:3      | Reached skill level 5 in Long Blades
  1284 | D:3      | Reached XP level 5. HP: 26/48 MP: 4/4
  1285 | D:3      | HP: 22/48 [hobgoblin/club (4)]
  1511 | D:3      | Reached * piety under Okawaru
  1557 | D:3      | Reached skill level 6 in Long Blades
  2083 | D:4      | Noticed an ogre
  2095 | D:4      | Killed an ogre
  2095 | D:4      | Reached XP level 6. HP: 36/56 MP: 5/5
  2101 | D:4      | Reached skill level 7 in Long Blades
  2224 | D:4      | Noticed Edmund
  2225 | D:4      | Found a blossoming altar of Fedhas.
  2249 | D:4      | Killed Edmund
  2252 | D:4      | Reached skill level 6 in Fighting
  2290 | D:4      | Noticed a hand axe
  2291 | D:4      | Found a hide-covered altar of Uskayaw.
  2292 | D:4      | Noticed a hand axe
  2331 | D:4      | Noticed an ice beast
  2337 | D:4      | HP: 28/57 [ice beast (12)]
  2339 | D:4      | Killed an ice beast
  2339 | D:4      | Reached ** piety under Okawaru
  2339 | D:4      | Reached skill level 8 in Long Blades
  2339 | D:4      | Reached XP level 7. HP: 32/63 MP: 6/6
  2612 | D:4      | Found a burning altar of Makhleb.
  2647 | D:4      | Noticed Robin
  2654 | D:4      | Killed Robin
  3091 | D:5      | Entered Level 5 of the Dungeon
  3099 | D:5      | Got a smoking steel amulet
  3102 | D:5      | Identified the amulet "Wananuag" {Gourm Fragile rPois rN++ Int+2} (You found it on level 5 of the Dungeon)
  3113 | D:5      | Found a staircase to the Ecumenical Temple.
  3179 | D:5      | Noticed Duvessa
  3179 | D:5      | Noticed Dowan
  3186 | D:5      | Killed Duvessa
  3186 | D:5      | Reached skill level 1 in Invocations
  3195 | D:5      | Killed Dowan
  3195 | D:5      | Reached skill level 9 in Long Blades
  3229 | D:5      | HP: 29/64 [water moccasin zombie (6)]
  3438 | D:5      | Found a runed door.
  3442 | D:5      | Noticed Crazy Yiuf
  3448 | D:5      | Killed Crazy Yiuf
  3588 | D:5      | Reached XP level 8. HP: 71/71 MP: 8/8
  3593 | D:5      | Reached skill level 7 in Fighting
  3624 | D:5      | Reached skill level 2 in Invocations
  3687 | D:5      | Reached *** piety under Okawaru
  3721 | D:5      | Reached skill level 10 in Long Blades
  4110 | D:6      | Reached skill level 3 in Invocations
  4245 | D:6      | Found a stormy altar of Qazlal.
  4351 | D:6      | Reached skill level 8 in Fighting
  4483 | D:6      | Noticed Prince Ribbit
  4489 | D:6      | Killed Prince Ribbit
  4489 | D:6      | Reached **** piety under Okawaru
  4489 | D:6      | Reached skill level 11 in Long Blades
  4489 | D:6      | Reached XP level 9. HP: 76/81 MP: 10/10
  4492 | D:6      | Reached skill level 4 in Invocations
  4752 | D:7      | HP: 35/82 [orc warrior/glaive (16)]
  4766 | D:7      | HP: 27/82 [orc wizard/magic dart (3)]
  4800 | D:7      | HP: 32/82 [giant cockroach (1)]
  5442 | D:7      | Found a shadowy altar of Dithmenos.
  5477 | D:7      | Reached skill level 12 in Long Blades
  5513 | D:7      | Noticed a cyan ugly thing
  5514 | D:7      | Noticed a great orb of eyes
  5514 | D:7      | Noticed a centaur warrior
  5554 | D:8      | HP: 34/82 [ogre/giant club (16)]
  5925 | D:7      | Noticed a two-headed ogre
  5925 | D:7      | Noticed a manticore
  5929 | D:7      | HP: 39/82 [two-headed ogre (shapeshifter) (11)]
  5930 | D:7      | Killed a two-headed ogre
  5930 | D:7      | Reached skill level 9 in Fighting
  5930 | D:7      | Reached skill level 5 in Invocations
  5935 | D:7      | Killed a manticore
  5935 | D:7      | Reached ***** piety under Okawaru
  5935 | D:7      | Reached XP level 10. HP: 32/91 MP: 9/13
  6202 | D:7      | Killed a centaur warrior
  6202 | D:7      | Reached skill level 13 in Long Blades
  6202 | D:7      | Reached skill level 6 in Invocations
  6534 | D:7      | Paralysed by a great orb of eyes for 3 turns
  6547 | D:7      | HP: 45/93 [great orb of eyes (5)]
  6551 | D:7      | Killed a great orb of eyes
  6551 | D:7      | Reached skill level 10 in Fighting
  6973 | D:8      | Received a gift from Okawaru
  6974 | D:8      | Got a spiked crystal plate armour {god gift}
  6985 | D:8      | Identified the +7 crystal plate armour of the Guardian {god gift, rC+} (Okawaru gifted it to you on level 8 of the Dungeon)
  7194 | D:8      | Reached skill level 14 in Long Blades
  7194 | D:8      | Reached skill level 7 in Invocations
  7202 | D:8      | HP: 46/94 [big kobold (2)]
  7368 | D:8      | Noticed a two-headed hydra
  7382 | D:8      | Killed a two-headed hydra
  7497 | D:8      | Reached XP level 11. HP: 101/101 MP: 15/15
  7851 | D:8      | Reached skill level 11 in Fighting
  7999 | D:9      | Reached skill level 4 in Armour
  8023 | D:9      | Reached skill level 4 in Shields
  8046 | D:9      | Noticed a two-headed ogre
  8061 | D:9      | Killed a two-headed ogre
  8332 | D:9      | Reached skill level 5 in Armour
  8431 | D:9      | Found an ancient bone altar of Kikubaaqudgha.
  8443 | D:9      | Reached skill level 5 in Shields
  8576 | D:9      | Noticed Gastronok
  8604 | D:9      | Killed Gastronok
  8604 | D:9      | Reached skill level 12 in Fighting
  8840 | D:10     | Entered Level 10 of the Dungeon
  8907 | D:10     | Reached skill level 6 in Shields
  8961 | D:10     | Noticed a two-headed ogre
  8970 | D:10     | Killed a two-headed ogre
  8970 | D:10     | Reached skill level 6 in Armour
  9052 | D:10     | Found a shimmering altar of Xom.
  9085 | D:10     | Reached skill level 13 in Fighting
  9257 | D:10     | Reached ****** piety under Okawaru
  9620 | D:10     | Received a gift from Okawaru
  9628 | D:10     | Noticed a wizard
  9638 | D:10     | Killed a wizard
  9648 | D:10     | Noticed an eight-headed hydra
  9664 | D:10     | Killed a three-headed hydra
  9664 | D:10     | Reached skill level 7 in Armour
  9664 | D:10     | Reached skill level 7 in Shields
  9664 | D:10     | Reached XP level 12. HP: 74/115 MP: 16/16
  9884 | D:11     | Found a staircase to the Lair.
  9924 | D:11     | HP: 51/115 [komodo dragon (10)]
  9961 | D:11     | HP: 51/116 [yak (4)]
  9967 | D:11     | HP: 37/116 [orc priest/divine providence (15)]
  9979 | D:11     | HP: 38/116 [acid (1)]
 10132 | D:11     | Reached skill level 14 in Fighting
 10489 | D:11     | Found a deep blue altar of Sif Muna.
 10526 | D:11     | Reached skill level 8 in Shields
 10556 | D:11     | Noticed a two-headed ogre
 10562 | D:11     | Killed a two-headed ogre
 10562 | D:11     | Reached skill level 8 in Armour
 10813 | D:11     | Received a gift from Okawaru
 10814 | D:11     | Got a pair of ichor-stained gloves {god gift}
 10815 | D:11     | Identified the +1 pair of gloves of a sewer {god gift, rElec rPois rC++ Int-5} (Okawaru gifted it to you on level 11 of the Dungeon)
 11055 | Lair:1   | Entered Level 1 of the Lair of Beasts
 11371 | Lair:1   | Reached skill level 15 in Fighting
 11371 | Lair:1   | Reached skill level 9 in Armour
 11507 | Lair:1   | Reached skill level 9 in Shields
 12138 | Lair:2   | Found a hole to the Spider Nest.
 12912 | Lair:3   | Found a staircase to the Swamp.
 13078 | Lair:3   | Noticed Rupert
 13079 | Lair:3   | Paralysed by Rupert for 6 turns
 13090 | Lair:3   | Paralysed by Rupert for 4 turns
 13115 | Lair:3   | Killed Rupert
 13115 | Lair:3   | Reached XP level 13. HP: 102/128 MP: 11/17
 13138 | Lair:3   | Received a gift from Okawaru
 13542 | Lair:4   | Reached skill level 10 in Armour
 13574 | Lair:4   | Found a frozen archway.
 13583 | IceCv    | Entered an ice cave
 13610 | IceCv    | Reached skill level 16 in Fighting
 13642 | IceCv    | Reached skill level 10 in Shields
 13773 | IceCv    | Received a gift from Okawaru
 14432 | Lair:4   | HP: 64/130 [death yak (13)]
 14440 | Lair:4   | HP: 47/130 [death yak (15)]
 15120 | Lair:4   | Received a gift from Okawaru
 15128 | Lair:4   | Got a spiked plate armour {god gift}
 15129 | Lair:4   | Identified the +1 plate armour of Satisfaction {god gift, rPois rF+ rN++} (Okawaru gifted it to you on level 4 of the Lair of Beasts)
 15670 | Lair:5   | Identified a Young Poisoner's Handbook
 15715 | Lair:5   | Reached skill level 11 in Armour
 15861 | Lair:5   | Found a viscous altar of Jiyva.
 15861 | Lair:5   | Found a staircase to the Slime Pits.
 15913 | Lair:5   | Reached skill level 17 in Fighting
 15985 | Lair:5   | Reached skill level 11 in Shields
 16791 | Lair:5   | Upgraded the game from 0.20-a0-1122-gb7cbeb9 to 0.20-a0-1124-g2e29d97
 16792 | Lair:6   | Entered Level 6 of the Lair of Beasts
 17021 | Lair:6   | Reached XP level 14. HP: 136/140 MP: 18/18
 17025 | Lair:6   | Reached skill level 1 in Dodging
 17305 | Lair:6   | Reached skill level 2 in Dodging
 17413 | Lair:6   | HP: 65/141 [elephant[a boggart] (7)]
 17763 | Lair:6   | Identified a book of Clouds
 17854 | Lair:6   | Received a gift from Okawaru
 17873 | Lair:6   | Reached skill level 18 in Fighting
 18057 | Lair:6   | Reached skill level 3 in Dodging
 18668 | D:12     | Found a staircase to the Orcish Mines.
 19052 | D:12     | Reached skill level 12 in Armour
 19381 | Orc:1    | Entered Level 1 of the Orcish Mines
 19490 | Orc:1    | Found a roughly hewn altar of Beogh.
 19500 | Orc:1    | Reached skill level 12 in Shields
 19506 | Orc:1    | Received a gift from Okawaru
 19586 | Orc:1    | Found a roughly hewn altar of Beogh.
 19826 | Orc:2    | Entered Level 2 of the Orcish Mines
 19871 | Orc:2    | Reached skill level 4 in Dodging
 19885 | Orc:2    | Paralysed by something for 2 turns
 19893 | Orc:2    | Paralysed by something for 4 turns
 19895 | Orc:2    | HP: 69/144 [something/magic dart (6)]
 19901 | Orc:2    | HP: 50/144 [sun demon[an orc sorcerer] (5)]
 20379 | Orc:2    | Found a labyrinth entrance.
 20475 | Orc:2    | Found Buth's Book Boutique.
 20475 | Orc:2    | Found Juner Ypuliz's Gadget Boutique.
 20475 | Orc:2    | Found Lyddaw's Gadget Shop.
 20480 | Orc:2    | Found Buzat's Antique Armour Shop.
 20855 | Orc:2    | Found a staircase to the Elven Halls.
 21329 | D:13     | Found a gate to the Vaults.
 21329 | D:13     | Noticed Urug
 21329 | D:13     | Noticed Nessos
 21544 | D:13     | Reached skill level 5 in Dodging
 21609 | D:13     | Reached skill level 19 in Fighting
 21654 | D:13     | Reached XP level 15. HP: 120/152 MP: 19/19
 21802 | D:13     | Killed Nessos
 21853 | D:13     | Killed Urug
 21963 | D:13     | HP: 69/152 [meliai/divine providence (15)]
 21968 | D:13     | HP: 66/152 [poisoned by a meliai]
 21973 | D:13     | HP: 63/152 [poisoned by a meliai]
 21978 | D:13     | HP: 62/152 [poisoned by a meliai]
 21983 | D:13     | HP: 61/152 [poisoned by a meliai]
 21988 | D:13     | HP: 60/152 [poisoned by a meliai]
 21995 | D:13     | HP: 61/152 [poisoned by a meliai]
 22003 | D:13     | HP: 62/152 [poisoned by a meliai]
 22776 | D:14     | HP: 71/152 [??? (45)]
 22778 | D:14     | Reached skill level 13 in Armour
 23099 | D:14     | Received a gift from Okawaru
 23125 | D:14     | Reached skill level 6 in Dodging
 23191 | D:14     | Identified a book of Summonings
 23201 | D:14     | Reached skill level 13 in Shields
 23545 | D:15     | Entered Level 15 of the Dungeon
 23998 | D:15     | Found a portal to a secret trove of treasure.
 24042 | D:15     | Found a staircase to the Depths.
 24058 | D:15     | Received a gift from Okawaru
 24067 | D:15     | HP: 73/155 [three-headed hydra (9)]
 24402 | D:15     | Found a hazy altar of Hepliaklqana.
 24545 | D:15     | Got a coiled amber ring
 24572 | D:15     | Identified the ring of Pelosueppo {Wiz Int+4 Slay+4} (You took it off an orc priest on level 15 of the Dungeon)
 24867 | D:15     | Found an ornate altar of the Wu Jian Council.
 24874 | D:15     | Reached skill level 7 in Dodging
 24897 | D:15     | Received a gift from Okawaru
 24918 | D:15     | Reached skill level 20 in Fighting
 25203 | Swamp:1  | Entered Level 1 of the Swamp
 25755 | Swamp:1  | Noticed a thorn hunter
 25762 | Swamp:1  | Killed a thorn hunter
 26248 | Swamp:2  | Received a gift from Okawaru
 26249 | Swamp:2  | Got a jewelled long sword {god gift}
 26250 | Swamp:2  | Identified the +10 long sword "Ataph" {god gift, speed, +Rage rC- MP+9 Str-5} (Okawaru gifted it to you on level 2 of the Swamp)
 26335 | Swamp:2  | Reached XP level 16. HP: 165/165 MP: 20/20
 26594 | Swamp:2  | Identified a book of Misfortune
 26683 | Swamp:3  | Reached skill level 8 in Dodging
 27366 | Swamp:4  | Entered Level 4 of the Swamp
 27401 | Swamp:4  | Reached skill level 14 in Shields
 27687 | Swamp:4  | Reached skill level 14 in Armour
 27914 | Swamp:4  | Received a gift from Okawaru
 28071 | Swamp:4  | Noticed a tentacled monstrosity
 28081 | Swamp:4  | Killed a tentacled monstrosity
 28123 | Swamp:4  | HP: 59/165 [enormous slime creature (46)]
 28135 | Swamp:4  | HP: 61/165 [bog body/bolt of cold (3)]
 28644 | Swamp:4  | Reached skill level 21 in Fighting
 28862 | Swamp:4  | Reached skill level 9 in Dodging
 28868 | Swamp:4  | Identified a +1 pair of boots of running {god gift} (Okawaru gifted it to you on level 4 of the Swamp)
 29021 | Swamp:4  | Got a decaying rune of Zot
 29371 | Spider:1 | Entered Level 1 of the Spider Nest
 30074 | Spider:2 | Received a gift from Okawaru
 30080 | Spider:2 | HP: 82/167 [entropy weaver (6)]
 30085 | Spider:2 | HP: 79/167 [poisoned by a redback]
 30090 | Spider:2 | HP: 76/167 [poisoned by a redback]
 30095 | Spider:2 | HP: 74/167 [poisoned by a redback]
 30101 | Spider:2 | HP: 73/167 [poisoned by a redback]
 30107 | Spider:2 | HP: 73/167 [poisoned by a redback]
 30115 | Spider:2 | HP: 74/167 [poisoned by a redback]
 30640 | Spider:3 | Identified a paperback manual
 30710 | Spider:3 | Reached skill level 15 in Shields
 30806 | Spider:3 | Reached XP level 17. HP: 155/173 MP: 21/21
 30813 | Spider:3 | Reached skill level 10 in Dodging
 30832 | Spider:3 | HP: 87/174 [poisoned by a redback]
 30837 | Spider:3 | HP: 80/174 [poisoned by a redback]
 30842 | Spider:3 | HP: 76/174 [poisoned by a redback]
 30847 | Spider:3 | HP: 73/174 [poisoned by a redback]
 30853 | Spider:3 | HP: 71/174 [poisoned by a redback]
 30860 | Spider:3 | HP: 71/174 [poisoned by a redback]
 30867 | Spider:3 | HP: 72/174 [poisoned by a redback]
 30875 | Spider:3 | HP: 73/174 [poisoned by a redback]
 30934 | Spider:3 | HP: 87/174 [poisoned by a wolf spider]
 30939 | Spider:3 | HP: 83/174 [poisoned by a wolf spider]
 30944 | Spider:3 | HP: 81/174 [poisoned by a wolf spider]
 30949 | Spider:3 | HP: 80/174 [poisoned by a wolf spider]
 30954 | Spider:3 | HP: 80/174 [poisoned by a wolf spider]
 30961 | Spider:3 | HP: 80/174 [poisoned by a wolf spider]
 30966 | Spider:3 | HP: 81/174 [poisoned by a wolf spider]
 31254 | Spider:3 | Reached skill level 15 in Armour
 31366 | Spider:3 | Received a gift from Okawaru
 31374 | Spider:3 | HP: 88/176 [poisoned by a redback]
 32019 | Spider:4 | Entered Level 4 of the Spider Nest
 32284 | Spider:4 | Identified a book of Necromancy
 32349 | Spider:4 | Reached skill level 22 in Fighting
 32664 | Spider:4 | HP: 88/176 [poisoned by a redback]
 32670 | Spider:4 | HP: 86/176 [poisoned by a redback]
 32678 | Spider:3 | HP: 86/176 [poisoned by a redback]
 32686 | Spider:3 | HP: 87/176 [poisoned by a redback]
 33066 | Spider:4 | Received a gift from Okawaru
 33067 | Spider:4 | Got a polished scarf {god gift}
 33071 | Spider:4 | Identified the scarf "Ywuih" {god gift, Int+5 Dex-4} (Okawaru gifted it to you on level 4 of the Spider Nest)
 33129 | Spider:4 | Noticed Arachne
 33173 | Spider:4 | Killed Arachne
 33179 | Spider:4 | HP: 87/177 [jumping spider (9)]
 33184 | Spider:4 | HP: 87/178 [poisoned by Arachne (poison arrow)]
 33191 | Spider:4 | HP: 88/178 [poisoned by Arachne (poison arrow)]
 33199 | Spider:4 | HP: 89/178 [poisoned by Arachne (poison arrow)]
 33475 | Spider:4 | Got a gossamer rune of Zot
 33624 | Lair:1   | Upgraded the game from 0.20-a0-1124-g2e29d97 to 0.20-a0-1126-g0f15420
 33624 | Lair:1   | Upgraded the game from 0.20-a0-1126-g0f15420 to 0.21-a0
 33687 | Vaults:1 | Entered Level 1 of the Vaults
 33834 | Vaults:1 | Reached skill level 11 in Dodging
 34300 | Vaults:1 | HP: 85/178 [flayed ghost/flay_damage (30)]
 34442 | Vaults:1 | Reached skill level 16 in Armour
 34563 | Vaults:1 | Reached XP level 18. HP: 141/187 MP: 22/22
 34614 | Vaults:1 | HP: 90/187 [wraith (8)]
 34619 | Vaults:1 | Received a gift from Okawaru
 34621 | Vaults:1 | HP: 90/187 [deep troll[an ironheart preserver] (3)]
 34659 | Vaults:1 | Reached skill level 23 in Fighting
 35114 | Vaults:1 | Cast into level 2 of the Abyss (a deep elf demonologist)
 35516 | Abyss:2  | Received a gift from Okawaru
 35517 | Abyss:2  | Got a smoking scimitar {god gift}
 35518 | Abyss:2  | Identified the +1 scimitar "Latiyrou" {god gift, elec, +Inv MR- Int+4} (Okawaru gifted it to you on level 2 of the Abyss)
 35526 | Abyss:2  | Found a corrupted altar of Lugonu.
 35570 | Abyss:2  | Found a corrupted altar of Lugonu.
 35703 | Abyss:2  | Noticed a bone dragon
 35718 | Abyss:2  | Killed a bone dragon
 35964 | Abyss:2  | Reached skill level 12 in Dodging
 36029 | Abyss:2  | Gained mutation: You have an increased reservoir of magic. (+10% MP) [a neqoxec]
 36115 | Abyss:2  | HP: 84/188 [rakshasa (illusionary)/orb of energy (39)]
 36192 | Abyss:2  | HP: 86/188 [stone giant skeleton (12)]
 36248 | Abyss:2  | Received a gift from Okawaru
 36259 | Abyss:2  | HP: 73/188 [hellion/damnation (32)]
 36274 | Abyss:2  | Got a fine shortbow {god gift}
 36277 | Abyss:2  | Noticed a bone dragon
 36289 | Abyss:2  | HP: 83/189 [freezing wraith (4)]
 36312 | Abyss:2  | HP: 91/189 [poisoned by a guardian serpent (bolt of poison)]
 36318 | Abyss:2  | HP: 85/189 [poisoned by a guardian serpent (bolt of poison)]
 36324 | Abyss:2  | HP: 85/189 [poisoned by a guardian serpent (bolt of poison)]
 36330 | Abyss:2  | HP: 75/189 [naga/splash of poison (1)]
 36335 | Abyss:2  | HP: 73/189 [poisoned by a naga (splash of poison)]
 36340 | Abyss:2  | HP: 67/189 [poisoned by a naga mage (splash of poison)]
 36345 | Abyss:2  | HP: 62/189 [poisoned by a naga mage (splash of poison)]
 36350 | Abyss:2  | HP: 58/189 [poisoned by a naga mage (splash of poison)]
 36356 | Abyss:2  | HP: 56/189 [poisoned by a naga mage (splash of poison)]
 36363 | Abyss:2  | HP: 56/190 [poisoned by a naga mage (splash of poison)]
 36369 | Abyss:2  | HP: 56/190 [poisoned by a naga mage (splash of poison)]
 36377 | Abyss:2  | HP: 58/190 [poisoned by a naga mage (splash of poison)]
 36434 | Abyss:2  | HP: 60/190 [large abomination (10)]
 36462 | Abyss:2  | Noticed a bone dragon
 36480 | Abyss:2  | Killed a bone dragon
 36512 | Vaults:1 | Escaped the Abyss
 37049 | Vaults:1 | Reached skill level 17 in Armour
 37052 | Vaults:1 | Identified the +9 shortbow of Seabokh {god gift, freeze, rPois Dex+2} (Okawaru gifted it to you on level 2 of the Abyss)
 37054 | Vaults:1 | Reached skill level 24 in Fighting
 37146 | Vaults:1 | Paralysed by an orc sorcerer for 7 turns
 37260 | Vaults:1 | Received a gift from Okawaru
 37284 | Vaults:1 | Got an iridescent battleaxe {god gift}
 37285 | Vaults:1 | Identified the +8 battleaxe "Otoryrphauv" {god gift, flame, *Slow rC++ Dex+4 SInv} (Okawaru gifted it to you on level 1 of the Vaults)
 37369 | Vaults:1 | Identified a book of the Dragon
 37424 | Vaults:1 | Paralysed by something for 2 turns
 37425 | Vaults:1 | HP: 89/191 [something (8)]
 37429 | Vaults:1 | HP: 39/191 [ettin/great mace (17)]
 37490 | Vaults:1 | Reached XP level 19. HP: 65/198 MP: 25/25
 37502 | Vaults:1 | HP: 59/199 [sphinx/divine providence (10)]
 37516 | Vaults:1 | HP: 54/199 [sphinx (2)]
 37518 | Vaults:1 | Reached skill level 13 in Dodging
 38134 | Vaults:1 | Received a gift from Okawaru
 38596 | Vaults:2 | Found a ruined gateway.
 38596 | Vaults:2 | Noticed Mara
 38598 | Vaults:2 | Noticed Chaoticas's illusion
 38632 | Vaults:2 | Killed Mara
 38658 | Desolati | Entered the Desolation of Salt
 39535 | Vaults:2 | Reached skill level 25 in Fighting
 39581 | Vaults:2 | Received a gift from Okawaru
 39628 | Vaults:2 | Noticed SevenDeadlySins's ghost (adept MiBe)
 39695 | Vaults:1 | Reached skill level 18 in Armour
 39934 | Vaults:2 | Killed SevenDeadlySins's ghost
 40175 | Vaults:2 | Found a staircase to the Crypt.
 40557 | Vaults:2 | Received a gift from Okawaru
 40570 | Vaults:2 | Reached skill level 14 in Dodging
 40950 | Vaults:3 | Found Yvew's Distillery.
 41001 | Vaults:3 | Reached XP level 20. HP: 202/211 MP: 27/27
 41185 | Vaults:3 | Received a gift from Okawaru
 41318 | Vaults:3 | HP: 104/212 [hellwing[an ironheart preserver] (8)]
 41728 | Vaults:3 | Got a faintly glowing buckler
 41869 | Vaults:3 | Reached skill level 26 in Fighting
 42020 | Vaults:3 | Received a gift from Okawaru
 42092 | Vaults:3 | HP: 103/213 [purple ugly thing (11)]
 42098 | Vaults:3 | HP: 91/213 [vault warden/long sword of distortion (14)]
 42631 | Vaults:3 | Reached skill level 19 in Armour
 42664 | Vaults:3 | Cast into level 2 of the Abyss (a deep elf demonologist)
 42669 | Abyss:2  | Found a corrupted altar of Lugonu.
 42710 | Abyss:2  | Reached skill level 15 in Dodging
 42818 | Abyss:2  | Received a gift from Okawaru
 42841 | Abyss:2  | Lost mutation: You have an increased reservoir of magic. (+10% MP) [potion of mutation]
 42841 | Abyss:2  | Gained mutation: You occasionally shout uncontrollably at your foes. [potion of mutation]
 42841 | Abyss:2  | Gained mutation: You have a somewhat thin skeletal structure. (Dex +2, Stealth) [potion of mutation]
 42841 | Abyss:2  | Gained mutation: You are resistant to hostile enchantments. (MR+) [potion of mutation]
 42841 | Abyss:2  | Gained mutation: You have a pair of large horns on your head. [potion of mutation]
 42842 | Abyss:2  | Lost mutation: You are resistant to hostile enchantments. (MR+) [potion of mutation]
 42842 | Abyss:2  | Lost mutation: You have a pair of large horns on your head. [potion of mutation]
 42842 | Abyss:2  | Gained mutation: Your mind is acute. (Int +2) [potion of mutation]
 42842 | Abyss:2  | Gained mutation: Your mind is very acute. (Int +4) [potion of mutation]
 42930 | Abyss:2  | Lost mutation: Your mind is very acute. (Int +4) [a neqoxec]
 43547 | Abyss:2  | HP: 101/215 [starcursed mass/accursed screaming (8)]
 43554 | Abyss:2  | HP: 97/215 [starcursed mass/accursed screaming (4)]
 43560 | Abyss:2  | HP: 84/215 [starcursed mass/accursed screaming (5)]
 43565 | Abyss:2  | HP: 72/215 [starcursed mass/accursed screaming (4)]
 43570 | Abyss:2  | HP: 44/215 [starcursed mass/accursed screaming (8)]
 43576 | Abyss:2  | HP: 34/215 [starcursed mass/accursed screaming (6)]
 43683 | Abyss:2  | HP: 33/215 [poisoned by a naga (splash of poison)]
 43688 | Abyss:2  | HP: 31/215 [poisoned by a naga (splash of poison)]
 43695 | Abyss:2  | HP: 29/215 [poisoned by a naga (splash of poison)]
 43703 | Abyss:2  | HP: 27/215 [poisoned by a naga (splash of poison)]
 43722 | Abyss:2  | HP: 58/215 [ufetubus (1)]
 43743 | Abyss:2  | Gained mutation: [Scrolls take you a little longer to read.] [a neqoxec]
 43745 | Abyss:2  | Gained mutation: Your mind is very acute. (Int +4) [a neqoxec]
 43745 | Abyss:2  | HP: 53/215 [small abomination (3)]
 43750 | Abyss:2  | HP: 21/215 [smoke demon/divine providence (8)]
 43845 | Abyss:2  | HP: 50/215 [thrashing horror (3)]
 43909 | Abyss:2  | HP: 61/215 [large abomination (12)]
 44013 | Abyss:2  | HP: 103/215 [large abomination (4)]
 44027 | Abyss:2  | HP: 101/215 [hellwing (7)]
 44108 | Abyss:2  | Reached XP level 21. HP: 133/223 MP: 25/25
 44246 | Abyss:2  | Gained mutation: You sometimes yell uncontrollably at your foes. [a cacodemon]
 44249 | Abyss:2  | Reached skill level 27 in Fighting
 44288 | Abyss:2  | Received a gift from Okawaru
 44292 | Abyss:2  | HP: 108/224 [hell knight/enchanted glaive (10)]
 44297 | Abyss:2  | HP: 86/224 [smoke demon/divine providence (12)]
 44305 | Abyss:2  | HP: 75/224 [smoke demon/divine providence (12)]
 44685 | Abyss:2  | Reached skill level 16 in Dodging
 44887 | Abyss:3  | Reached skill level 20 in Armour
 45138 | Abyss:3  | HP: 165/336 [starcursed mass/accursed screaming (9)]
 45139 | Abyss:3  | Lost intelligence.
 45145 | Abyss:3  | HP: 125/336 [starcursed mass/accursed screaming (18)]
 45151 | Abyss:3  | HP: 96/336 [starcursed mass/accursed screaming (20)]
 45156 | Abyss:3  | HP: 51/336 [lurking horror[a glowing orange brain] (32)]
 45156 | Abyss:3  | Paralysed by accursed screaming for 2 turns
 45157 | Abyss:3  | HP: 20/268 [cyan very ugly thing (9)]
 45158 | Abyss:3  | HP: 6/268 [starcursed mass (6)]
 45159 | Abyss:3  | Killed from afar by a starcursed mass

Vault maps used:
D:1:      lightli_arrival_boilingwater, serial_park_tiny_1,
          okawaru_ov_weapons_minmay
D:2:      yredelemnul_altar_generic, chequers_ecumenical_altar_island
D:3:      st_stairs_10
D:4:      minmay_wonky_spiral, dancing_weapons_uskayaw, lemuel_doored_altar,
          overflow_temple_1_default, uniq_robin, uniq_edmund
D:5:      minmay_temple_entry_trees, first_bread, uniq_duvessa,
          uniq_crazy_yiuf_cottage
D:6:      grunt_qazlal_sundering, uniq_prince_ribbit1
D:7:      minmay_klotski, kennysheep_mini
D:8:      enter_ossuary_2, hangedman_ranch
D:9:      kennysheep_vampire_church, serial_bayou_pond_b, hangedman_misty_isle,
          uniq_gastronok
D:10:     basic_altar
D:11:     dpeg_oklobed_lair, led_sif_book
D:12:     orc_0_dummy, serial_glass, glass_columns_a, glass_columns_a
D:13:     david_vaults_3
D:14:     hangedman_decor_peaks_small
D:15:     hangedman_depths_entry_try_elsewhere_first, special_room,
          enter_trove_6, hangedman_feature_mirror, minmay_misc_feat_encased,
          kennysheep_inner_square
Lair:1:   grunt_megastairs_2, lemuel_fruit_fields
Lair:2:   nicolae_spider_entry_orb_guardian
Lair:3:   minmay_swamp_entry_eels, uniq_rupert
Lair:4:   portal_ice_cave_entry_pillars_1, beast_lair_carwin_7
Lair:5:   dpeg_slime_entry_enclosed_altar, beast_lair_carwin_10
Lair:6:   minmay_lair_end_enchanted_forest, minivault_26, fungi_pond_lemuel
Swamp:1:  hangedman_swamp_blocks
Swamp:2:  serial_swamp_ruin, evilmike_swamp_ruin_house_6,
          evilmike_swamp_ruin_wall, swamp_pool2
Swamp:3:  hangedman_swamp_ruin_wall
Swamp:4:  swamp_vile, grunt_lady_of_the_lake
Spider:4: johnstein_spider_rune_arachne_lair, nicolae_spider_ant_collections
Orc:1:    basic_altar, lemuel_statue_altar
Orc:2:    st_orc_mages, lab_entry_generic
Vaults:1: v_misc_33, vaults_room_corners, st_greater_box_1,
          vaults_room_door_hall, vaults_room_boxed,
          vaults_room_grunt_arrival_ludios, dpeg_vaults_monster_box
Vaults:2: hangedman_vaults_locks, vaults_mumra_lcd, v_misc_10,
          vaults_room_ringed_pool, vaults_room_fancy_cross, v_pattern_4,
          v_misc_12, minmay_crypt_entry_vampire_xt,
          nicolae_vaults_network_quinsquares, vaults_mumra_chevron,
          grunt_vaults_hallway_long, v_misc_2, ontoclasm_vaults_shuriken,
          nicolae_vaults_little_ls, portal_desolation_entry_twin_temple,
          uniq_mara
Vaults:3: ontoclasm_vaults_spin, vaults_mumra_bighexcomb,
          vaults_room_stairs_pillars, nicolae_vaults_shelves_hall, v_rooms_1,
          ontoclasm_vaults_fault, nicolae_vaults_network_quincunx,
          nicolae_vaults_ninety_degrees, v_misc_19, hangedman_vaults_cutoff,
          grunt_vaults_hallway_long, nicolae_vaults_alarming,
          vaults_room_hallway, vaults_room_pool,
          ontoclasm_vaults_loading_screen, serial_shops,
          nicolae_shop_window_shopping
Abyss:2:  abyss_furniture_001, hangedman_abyss_lost_library,
          hangedman_elemental_corridor, small_statue_intersection,
          evilmike_abyss_exit_glass
Abyss:3:  hangedman_abyss_rune_macabre_mess, eino_small_chamber_without_monster
IceCv:    ice_cave_statue_garden_chambered

Skill      XL: |  1  2  3  4  5  6  7  8  9 10 11 12 13 14 15 16 17 18 19 20 21 |
---------------+----------------------------------------------------------------+-----
Long Blades    | 3 4 5 6 8 9 11 12 14 | 14.4
Fighting       | 4 5 6 8 9 10 13 15 17 19 20 21 22 24 25 26 27 | 27.0
Invocations    | 1 3 5 7 |  7.3
Armour         | 7 9 11 12 13 14 16 17 18 19 20 | 20.2
Shields        | 7 9 11 12 13 15 | 15.6
Dodging        | 5 7 9 11 12 14 15 16 | 16.3

Action                   |  1- 3 |  4- 6 |  7- 9 | 10-12 | 13-15 | 16-18 | 19-21 || total
-------------------------+-------+-------+-------+-------+-------+-------+-------++-------
Melee: Long sword        |   101 |    97 |   288 |   158 |       |       |       ||   644
       Headbutt          |    12 |    18 |    64 |   246 |   538 |   478 |   557 ||  1913
       Falchion          |       |       |       |   792 |   928 |    80 |       ||  1800
       Demon blade       |       |       |       |       |  1098 |  1899 |  1833 ||  4830
Invok: Heroism           |       |       |     5 |    12 |    10 |    17 |    19 ||    63
       Finesse           |       |       |       |     3 |     3 |     6 |     6 ||    18
Evoke: Wand              |       |       |       |     2 |       |       |       ||     2
  Use: Potion            |     1 |     1 |       |       |       |     9 |    13 ||    24
       Scroll            |       |     2 |     5 |    14 |    20 |    14 |    12 ||    67
 Stab: Distracted        |       |       |       |       |       |       |     1 ||     1
       Invisible         |       |       |       |       |       |       |     1 ||     1
  Eat: Chunk             |     1 |     4 |    23 |    34 |    45 |    37 |    15 ||   159
       Bread ration      |       |       |       |       |       |     1 |       ||     1
       Meat ration       |       |       |       |       |       |       |     1 ||     1
Armor: Scale mail        |    37 |     3 |       |       |       |       |       ||    40
       Chain mail        |       |    31 |   111 |    26 |       |       |       ||   168
       Crystal plate arm |       |       |       |   466 |   972 |  1166 |   691 ||  3295
Dodge: Dodged            |    28 |    28 |    48 |    59 |   295 |   533 |   574 ||  1565
       Deflected         |       |       |       |       |       |       |    48 ||    48
Block: Shield            |    53 |    66 |   155 |   349 |  1116 |  1167 |  1175 ||  4081
       Reflection        |       |     1 |       |       |       |       |       ||     1
       Rpst.: Long sword |     7 |     8 |     9 |     2 |       |       |       ||    26
       Falchion          |       |       |       |    10 |    35 |     2 |       ||    47
       Demon blade       |       |       |       |       |    47 |    91 |   108 ||   246
